 Dungeon Crawl Stone Soup version 0.32-a0-382-g4a20d55 (webtiles) character file.

Game seed: 1992154176110653262

645 Nithhogg the Covered (level 7, -4/61 HPs)
             Began as a Mountain Dwarf Fighter on Feb 19, 2024.
             Was an Initiate of Qazlal.
             Slain by Prince Ribbit (13 damage)
             ... on level 5 of the Dungeon.
             The game lasted 00:09:51 (3957 turns).

Nithhogg the Covered (Mountain Dwarf Fighter)       Turns: 3957, Time: 00:09:51

Health: -4/61      AC:  7    Str: 20    XL:     7   Next: 27%
Magic:  10/10      EV:  9    Int:  9    God:    Qazlal [......]
Gold:   178        SH:  0    Dex:  9    Spells: 6/6 levels left

rFire   . . .        a - +0 war axe
rCold   . . .        (no shield)
rNeg    . . .        b - +0 scale mail
rPois   .            (no helmet)
rElec   .            (no cloak)
rCorr   .            (no gloves)
SInv    .            (no boots)
Will    .....        (no amulet) Stlth
                     (no ring)
HPRegen 0.30/turn    (no ring)
MPRegen 0.12/turn

%: no passive effects
@: hasted, very quick
A: runic magic, artefact enchanting
a: Renounce Religion


You were on level 5 of the Dungeon.
You worshipped Qazlal.
Qazlal was noncommittal.
You visited 2 branches of the dungeon, and saw 6 of its levels.

You collected 178 gold pieces.

Inventory:

Hand Weapons
 a - a +0 war axe (weapon)
Armour
 b - a +0 scale mail (worn)
 c - a +0 buckler
Jewellery
 j - a ring of protection from cold
Scrolls
 f - a scroll of teleportation
 n - a scroll of fear
Potions
 e - 3 potions of lignification
 h - a potion of haste
 k - a potion of degeneration {unknown}
 l - a potion of berserk rage {unknown}
 m - a potion of curing {unknown}


   Skills:
 + Level 5.4 Fighting
 + Level 5.2 Axes
 + Level 5.4 Armour
 - Level 3.2 Shields
 + Level 4.9 Invocations


You had 6 spell levels left.
You didn't know any spells.
Your spell library contained the following spells:

 Spells                   Type           Power      Damage    Failure   Level
 Mercury Vapours          Alch/Air       0%         N/A       61%         2
 Mephitic Cloud           Conj/Alch/Air  0%         N/A       83%         3
 Passage of Golubria      Tloc           0%         N/A       99%         4
 Freezing Cloud           Conj/Ice/Air   0%         6-21      100%        5
 Silence                  Hex/Air        0%         N/A       100%        5
 Lehudib's Crystal Spear  Conj/Erth      0%         10d2      100%        8


Dungeon Overview and Level Annotations

Branches:
Dungeon (5/15)             Temple (1/1) D:4

Altars:
Ashenzari
Cheibriados
Elyvilon
Fedhas
Hepliaklqana
Kikubaaqudgha
Makhleb
Nemelex Xobeh
Okawaru
Qazlal
Trog
Vehumet
Wu Jian
Yredelemnul
Zin
The Shining One

Annotations:
D:5 Prince Ribbit


Innate Abilities, Weirdness & Mutations

Your spellcasting is much less encumbered by armour.
You can use scrolls of enchantment on lesser artefacts.


Message History

The dart slug barely misses you.
You slash the dart slug!
You kill the dart slug!
Qazlal accepts your kill.
You hear the rusting of a drain very nearby.
e - 3 potions of lignification (gained 1)
You hear the rusting of a drain.
An ogre comes into view. It is wielding a +0 giant club.
The ogre shouts!
Found 14 gold pieces.
You hit the ogre.
The ogre is lightly wounded.
Prince Ribbit comes into view.
The ogre completely misses you.
Prince Ribbit gives a loud, deep croak!
You hit the ogre.
The ogre is moderately wounded.
The ogre barely misses you.
Prince Ribbit blinks!
You slash the ogre!
The ogre is almost dead.
The ogre hits you with a +0 giant club!!
You hit the ogre.
The ogre is almost dead.
The ogre hits you with a +0 giant club!!
You barely miss the ogre.
The ogre is almost dead.
The ogre hits you with a +0 giant club!
* * * LOW HITPOINT WARNING * * *
You feel yourself speed up. The ogre hits you with a +0 giant club.
* * * LOW HITPOINT WARNING * * *
As you read the scroll of teleportation, it crumbles to dust.
You feel strangely unstable.
You hit the ogre.
The ogre is almost dead.
Your surroundings suddenly seem different.
Found a stone.
You can't go up here!
Prince Ribbit attacks as he pursues you!
Prince Ribbit hits you!
You die...

...#.. #..#.. .. #.....
... #.# ###..#.# .#. #.#
......##.#.# # #.#
#........ .. .# #.#
##..#..#.###.###.$ #.#
...#..#(....... #..
###.#..#@####.#########.#
#........F...............
#......#..#.#...#######..
#......#..#.###.# #..
##.....#..#.# #.## #..
####..#..#.# #..#### #..
#..#..#.# ##....# #..
#..####.######### ###
#.........FO.#


You could see Prince Ribbit.

Vanquished Creatures
  A black bear (D:5)
  3 scorpions (D:4)
  A howler monkey (D:5)
  A jelly (D:3)
  2 sleepcaps
  2 iguanas
  5 adders
  5 dart slugs
  11 orcs
  7 endoplasms
  2 giant cockroaches (D:1)
  9 hobgoblins
  6 quokkas
  5 ball pythons
  7 bats
  2 frilled lizards
  6 goblins
  2 kobolds
  6 rats
83 creatures vanquished.

Notes
Turn   | Place    | Note
-------+----------+-------------------------------------------
     0 | D:1      | Nithhogg the Mountain Dwarf Fighter began the quest for the
                  | Orb.
     0 | D:1      | Reached XP level 1. HP: 19/19 MP: 1/1
   142 | D:1      | Reached skill level 1 in Invocations
   142 | D:1      | Reached XP level 2. HP: 16/26 MP: 2/2
   389 | D:1      | Reached XP level 3. HP: 25/33 MP: 4/4
  1581 | D:3      | Reached XP level 4. HP: 20/40 MP: 5/5
  1808 | D:3      | Found a glowing golden altar of the Shining One.
  2072 | D:3      | Reached XP level 5. HP: 43/46 MP: 7/7
  2743 | D:4      | Found a radiant altar of Vehumet.
  2866 | D:4      | Reached XP level 6. HP: 26/55 MP: 8/8
  3055 | D:4      | Found a staircase to the Ecumenical Temple.
  3217 | D:4      | Reached skill level 5 in Fighting
  3217 | D:4      | Reached skill level 5 in Armour
  3445 | D:4      | Found a blossoming altar of Fedhas.
  3585 | Temple   | Entered the Ecumenical Temple
  3590 | Temple   | Became a worshipper of Qazlal Stormbringer
  3620 | D:5      | Entered Level 5 of the Dungeon
  3796 | D:5      | Reached skill level 5 in Axes
  3796 | D:5      | Reached XP level 7. HP: 60/61 MP: 10/10
  3925 | D:5      | Noticed Prince Ribbit
  3957 | D:5      | Slain by Prince Ribbit

Illustrated notes

Levels and vault maps discovered:
D:1:      saegor_arrival_under_anarchy, layout_basic, st_stairs_7
D:2:      layout_loops_cross, feat_on_display
D:3:      layout_loops_ring, nicolae_tso_carved_into_rock, nicolae_titane
D:4:      layout_loops_ring, nicolae_vehumet_radiance, fedhas_altar_4,
          temple_doors_e
D:5:      layout_basic, lemuel_blue_sif_altar, lemuel_coloured_pillars_altar,
          gup_sewer_entry_spiral, uniq_prince_ribbit1
Temple:   nicolae_temple_bog_church

Skill      XL: |  1  2  3  4  5  6 |
---------------+-------------------+-----
Invocations    | 1 2 3 4 |  4.9
Axes           | 3 4 5 |  5.2
Fighting       | 4 5 |  5.4
Armour         | 4 5 |  5.4
Shields        | |  3.2

Action                     |  1- 3 |  4- 6 |  7- 9 || total
---------------------------+-------+-------+-------++-------
  Melee: War axe           |    81 |   155 |    24 ||   260
    Use: Potion            |       |     5 |     1 ||     6
         Scroll            |       |     6 |     1 ||     7
 Armour: Scale mail        |    68 |   124 |    22 ||   214
         Skin              |       |    58 |       ||    58
  Dodge: Dodged            |    51 |    68 |    13 ||   132

Table legend: (Time is in decaauts)
 A = Elapsed time spent in this place.
 B = Non-inter-level travel time spent in this place.
 C = Inter-level travel time spent in this place.
 D = Time resting spent in this place.
 E = Time spent auto-exploring this place.
 F = Levels seen in this place.
 G = Mean time per level.
                   A        B        C        D        E       F      G
               +--------+--------+--------+--------+--------+-----+--------+
         Total |   4036 |   3942 |     94 |     88 |   3054 |   6 |  672.7 |
       Dungeon |   4025 |   3937 |     88 |     88 |   3054 |   5 |  805.0 |
        Temple |     10 |      5 |      5 |      0 |      0 |   1 |   10.0 |
               +--------+--------+--------+--------+--------+-----+--------+

Top non-repeatable levels by time:
     D:4: 1200 daAuts
     D:3: 1008 daAuts
     D:1: 880 daAuts
     D:2: 597 daAuts
     D:5: 338 daAuts
  Temple: 10 daAuts
